 Dungeon Crawl Stone Soup version 0.17-a0-1435-geafbe2f (webtiles) character file.

67775 beatless the Brawler (level 14, -6/133 HPs)
             Began as a Troll Monk on June 26, 2015.
             Was the Champion of Okawaru.
             Mangled by a death yak (9 damage)
             ... on level 8 of the Lair of Beasts.
             The game lasted 00:40:23 (18722 turns).

beatless the Brawler (Troll Monk)                  Turns: 18722, Time: 00:40:23

Health: -6/133     AC: 22    Str: 25    XL:     14   Next: 84%
Magic:  13/13      EV:  1    Int:  7    God:    Okawaru [******]
Gold:   1339       SH:  0    Dex: 12    Spells: 0 memorised, 13 levels left

rFire  . . .     SeeInvis .       - Unarmed
rCold  . . .     Clarity  .     J - quicksilver dragon armour
rNeg   + + +     SustAt   .     Q - +1 large shield {AC+3}
rPois  ∞         Gourm    +     B - +2 hat
rElec  .         Spirit   .     g - +1 cloak {+Inv}
rCorr  .         Warding  .     (gloves unavailable)
rMut   .         Stasis   .     (boots unavailable)
MR     +++..                    i - amulet of regeneration
Stlth  +.........               Y - ring of protection from magic
                                e - +5 ring of evasion

@: petrified, extremely resistant to hostile enchantments, very unstealthy
A: unfitting armour, claws 3, fast metabolism 3, gourmand, regeneration 2,
shaggy fur 1, tough skin 2
a: Heroism, Finesse, Renounce Religion, Evoke Invisibility


You were on level 8 of the Lair of Beasts.
You worshipped Okawaru.
Okawaru was exalted by your worship.
You were very full.

You visited 3 branches of the dungeon, and saw 20 of its levels.

You collected 1339 gold pieces.

Inventory:

Hand weapons
 D - a +1 dagger of distortion
 H - a +5 morningstar of protection
Missiles
 L - 18 large rocks (quivered)
Armour
 g - a +1 cloak of invisibility (worn)
 B - a +2 hat (worn)
 J - a quicksilver dragon armour (worn)
 Q - a +1 large shield of protection (worn)
Magical staves
 u - an uncursed staff of earth
Jewellery
 e - a +5 ring of evasion (left claw)
 i - an amulet of regeneration (around neck)
 j - an uncursed ring of magical power
 v - an uncursed ring of flight
 W - an uncursed ring of see invisible
 Y - a ring of protection from magic (right claw)
Magical devices
 a - a wand of cold (9)
 q - a wand of disintegration (9)
 y - a wand of frost (37)
 E - a wand of paralysis (11)
 G - a wand of disintegration (11)
 I - a wand of fire (0)
 M - a wand of draining (0)
 P - a wand of polymorph (12)
 S - a wand of frost (21)
Scrolls
 h - 18 scrolls of identify
 l - 3 scrolls of fog
 m - 4 scrolls of immolation
 o - 2 scrolls of recharging
 r - 3 scrolls of remove curse
 s - a scroll of enchant armour
 C - 3 scrolls of amnesia
 N - 2 scrolls of magic mapping
 R - a scroll of random uselessness
 V - 2 scrolls of enchant weapon
Potions
 n - a potion of agility
 p - 3 potions of heal wounds
 t - 4 potions of flight
 w - 8 potions of curing
 x - a potion of haste
 z - 2 potions of might
 F - 2 potions of lignification
Comestibles
 b - 18 bread rations
 c - 7 beef jerkies
 d - 37 fruits
 f - 8 meat rations
 k - 2 royal jellies
 A - 6 chunks of flesh
 O - a slice of pizza


   Skills:
 - Level 7.1 Fighting
 - Level 8.1 Armour
 - Level 2.4 Dodging
 - Level 1.1 Stealth
 + Level 14.9 Shields
 - Level 15.0 Unarmed Combat


You had 13 spell levels left.
You didn't know any spells.

Dungeon Overview and Level Annotations

Branches:
Dungeon (11/15)            Temple (1/1) D:4            Lair (8/8) D:11
 Shoals (0/4) Lair:4       Spider (0/4) Lair:3        Slime (0/6) Lair:7
    Orc (0/4) D:9

Altars:
Ashenzari
Cheibriados
Dithmenos
Elyvilon
Fedhas
Gozag
Kikubaaqudgha
Makhleb
Nemelex Xobeh
Okawaru
Qazlal
Ru
Sif Muna
Trog
Vehumet
Xom
Yredelemnul
Zin
The Shining One
Jiyva

Shops:
D:8 *   D:11 %

Annotations:
Lair:2 8hydra


Innate Abilities, Weirdness & Mutations

You are too large for most types of armour.
You have claws for hands.
Your metabolism is lightning-fast.
You like to eat raw meat.
You heal very quickly.
You are covered in fur (AC +1).
You have very tough skin (AC +2).


Message History

The yak gores you but does no damage. The death yak gores you!
* * * LOW HITPOINT WARNING * * *
The yak completely misses you.
The death yak gores you but does no damage.
The yak gores you but does no damage.
The death yak gores you but does no damage.
The yak gores you.
* * * LOW HITPOINT WARNING * * *
The death yak gores you!
* * * LOW HITPOINT WARNING * * *
The yak gores you but does no damage. The death yak gores you!
* * * LOW HITPOINT WARNING * * *
The yak gores you but does no damage.
The death yak gores you but does no damage.
The yak gores you!
* * * LOW HITPOINT WARNING * * *
The death yak gores you!
* * * LOW HITPOINT WARNING * * *
The yak gores you but does no damage. The death yak gores you!!
You die...

####........#
# #.###P..##
#..# ##...#
#..## #P..##
...# ##..###
... ##...##
## ###..####
##...YY#
#...YY@#
#....§Y##
.......§##
##P##P%## ##
####


You could see 2 death yaks, a catoblepas and 2 yaks.

Vanquished Creatures
  Gastronok (D:8)
  Nessos (Lair:6)
  A fire dragon (Lair:8)
  Josephine (Lair:5)
  6 hydras
  4 catoblepae
  Erolcha (D:8)
  The ghost of beatless the Brawler, an experienced TrMo of Okawaru (D:10)
  8 death yaks
  An unseen horror (D:10)
  A swamp dragon (Lair:7)
  A hill giant (D:10)
  An ugly thing (D:11)
  A manticore (Lair:8)
  A cyclops (D:11)
  4 griffons
  9 black mambas
  A siren (Lair:4)
  29 elephants
  Psyche (D:8)
  A torpor snail (Lair:8)
  10 fire drakes
  16 spiny frogs
  7 komodo dragons
  A polar bear (Lair:6)
  2 trolls
  12 blink frogs
  Prince Ribbit (D:5)
  2 boulder beetles
  3 wraiths
  2 trapdoor spiders
  25 yaks
  A spriggan (D:10)
  2 basilisks
  Eustachio (D:5)
  A hungry ghost (D:11)
  A deep elf mage (D:10)
  15 hippogriffs
  13 wyverns
  A hell hound (Lair:8)
  Menkaure (D:5)
  Edmund (D:5)
  A wolf (Lair:2)
  3 ice beasts
  6 orc warriors
  3 sky beasts
  18 water moccasins
  A wasp (D:10)
  14 porcupines
  2 black bears
  9 ogres
  2 centaurs
  A phantom (D:11)
  An eye of draining (D:9)
  12 crocodiles
  2 big kobolds (D:7)
  22 giant frogs
  Blork the orc (D:5)
  A gnoll sergeant (D:8)
  9 killer bees
  3 scorpions
  5 wights (D:9)
  A wasp zombie (D:10)
  A giant frog zombie (D:6)
  2 electric eels (Lair:8)
  5 hounds
  Crazy Yiuf (D:2)
  4 jellies
  3 orc priests
  A centaur skeleton (D:10)
  7 hell rats (Lair:2)
  2 giant frog skeletons (D:8)
  Natasha (twice) (D:2)
  6 iguanas
  10 orc wizards
  11 worker ants
  11 sheep
  A hound zombie (D:8)
  3 hound skeletons
  A worker ant zombie (D:5)
  50 river rats
  6 adders
  18 gnolls
  2 shadow imps
  2 oozes
  An adder zombie (D:3)
  An adder skeleton (D:7)
  2 worms
  3 giant geckos
  44 orcs
  22 bats
  3 bat skeletons
  5 giant cockroaches
  14 hobgoblins
  9 jackals
  19 kobolds
  2 ball pythons
  A giant gecko zombie (D:5)
  5 giant newts
  9 goblins
  3 quokkas
  A quokka skeleton (D:9)
  19 rats
  A fungus (Lair:8)
  A plant (Lair:7)
624 creatures vanquished.

Vanquished Creatures (others)
  A hydra (Lair:8)
  A bush (D:6)
  7 fungi
  4 plants (Lair:8)
13 creatures vanquished.

Grand Total: 637 creatures vanquished

Notes
Turn   | Place    | Note
--------------------------------------------------------------
     0 | D:1      | beatless the Troll Monk began the quest for the Orb.
     0 | D:1      | Reached XP level 1. HP: 22/22 MP: 0/0
   219 | D:1      | Reached XP level 2. HP: 29/29 MP: 1/1
   788 | D:2      | Reached skill level 5 in Unarmed Combat
   788 | D:2      | Reached XP level 3. HP: 32/36 MP: 2/2
   892 | D:2      | Found a faded altar to an unknown god.
   971 | D:2      | Noticed Natasha
   977 | D:2      | Killed Natasha
   977 | D:2      | Reached XP level 4. HP: 34/44 MP: 3/3
  1326 | D:2      | Found a stormy altar of Qazlal.
  1326 | D:2      | Found a snail-covered altar of Cheibriados.
  1398 | D:2      | Noticed Crazy Yiuf
  1408 | D:2      | Killed Crazy Yiuf
  1408 | D:2      | Reached skill level 6 in Unarmed Combat
  1537 | D:2      | Noticed Natasha
  1545 | D:2      | Killed Natasha
  1951 | D:3      | Reached XP level 5. HP: 50/50 MP: 4/4
  2569 | D:4      | Found a staircase to the Ecumenical Temple.
  2704 | Temple   | Entered the Ecumenical Temple
  2772 | Temple   | Became a worshipper of Warmaster Okawaru
  2772 | Temple   | Acquired Okawaru's first power
  2918 | D:4      | Found a deep blue altar of Sif Muna.
  3046 | D:4      | Reached skill level 7 in Unarmed Combat
  3368 | D:5      | Entered Level 5 of the Dungeon
  3386 | D:5      | Reached XP level 6. HP: 59/59 MP: 5/5
  3437 | D:5      | Found a shadowy altar of Dithmenos.
  3448 | D:5      | Noticed Blork the orc
  3455 | D:5      | Killed Blork the orc
  3490 | D:5      | Noticed an ice beast
  3501 | D:5      | Killed an ice beast
  3501 | D:5      | Reached skill level 8 in Unarmed Combat
  3539 | D:5      | Noticed Menkaure
  3547 | D:5      | Killed Menkaure
  3547 | D:5      | Reached XP level 7. HP: 52/66 MP: 6/6
  3655 | D:5      | Noticed Edmund
  3666 | D:5      | Killed Edmund
  3666 | D:5      | Reached skill level 9 in Unarmed Combat
  3851 | D:5      | Noticed Prince Ribbit
  3875 | D:5      | Killed Prince Ribbit
  3875 | D:5      | Reached skill level 10 in Unarmed Combat
  3875 | D:5      | Reached XP level 8. HP: 74/74 MP: 7/7
  3914 | D:5      | Noticed Eustachio
  3925 | D:5      | Killed Eustachio
  3969 | D:5      | Noticed an ogre
  3971 | D:5      | Killed an ogre
  4283 | D:6      | Reached skill level 11 in Unarmed Combat
  4911 | D:6      | Reached skill level 12 in Unarmed Combat
  5247 | D:7      | Found a white marble altar of Elyvilon.
  5254 | D:7      | Reached skill level 1 in Shields
  5257 | D:7      | Reached XP level 9. HP: 74/80 MP: 8/8
  5267 | D:7      | Gained mutation: You are somewhat resistant to further mutation. [potion of mutation]
  6101 | D:8      | Noticed Gastronok
  6115 | D:8      | Killed Gastronok
  6115 | D:8      | Acquired Okawaru's second power
  6115 | D:8      | Received a gift from Okawaru
  6115 | D:8      | Reached XP level 10. HP: 26/88 MP: 9/9
  6186 | D:8      | Found a sacrificial altar of Ru.
  6275 | D:8      | Noticed Erolcha
  6285 | D:8      | Killed Erolcha
  6301 | D:8      | Noticed Psyche
  6313 | D:8      | Killed Psyche
  6577 | D:8      | Found Ruuc's General Store.
  6622 | D:8      | Found an ancient bone altar of Kikubaaqudgha.
  6823 | D:9      | Found a staircase to the Orcish Mines.
  7061 | D:9      | Reached skill level 5 in Fighting
  7333 | D:9      | Identified a scroll of acquirement
  7334 | D:9      | Got a faintly glowing turquoise ring
  7336 | D:9      | Identified the ring of Puaket {MR- Str+2 SInv Stlth+} (You acquired it on level 9 of the Dungeon)
  7883 | D:10     | Entered Level 10 of the Dungeon
  8017 | D:10     | Noticed beatless's ghost (experienced TrMo)
  8029 | D:10     | Killed beatless's ghost
  8029 | D:10     | Received a gift from Okawaru
  8029 | D:10     | Reached XP level 11. HP: 52/107 MP: 10/10
  8032 | D:10     | Noticed an unseen horror
  8042 | D:10     | Killed an unseen horror
  8160 | D:10     | Gained mutation: You expend magic power (3 MP) to strengthen your wands. [mutagenic meat]
  8161 | D:10     | Gained mutation: You are resistant to electric shocks. [mutagenic meat]
  8162 | D:10     | Gained mutation: You have large cloven feet. [mutagenic meat]
  8163 | D:10     | Gained mutation: You are dopey. (Int -2) [mutagenic meat]
  8505 | D:10     | Noticed a hill giant
  8519 | D:10     | Killed a hill giant
  8933 | D:11     | Found a staircase to the Lair.
  9057 | D:11     | Reached skill level 13 in Unarmed Combat
  9216 | D:11     | Received a gift from Okawaru
  9289 | D:11     | Gained mutation: Armour fits poorly on your strangely shaped body. [mutagenic meat]
  9437 | D:11     | Found Ifycirur's Food Emporium.
  9631 | Lair:1   | Entered Level 1 of the Lair of Beasts
  9710 | Lair:1   | Found a blossoming altar of Fedhas.
  9829 | Lair:1   | Reached skill level 14 in Unarmed Combat
 10557 | Lair:2   | Reached XP level 12. HP: 118/118 MP: 11/11
 10651 | Lair:2   | Reached skill level 15 in Unarmed Combat
 10777 | Lair:2   | Reached skill level 1 in Armour
 11141 | Lair:3   | Noticed a catoblepas
 11165 | Lair:3   | Killed a catoblepas
 11212 | Lair:3   | Got a fine scimitar
 11213 | Lair:3   | Identified the cursed +1 scimitar of Gozag {freeze, rPois rN+ Dex-2} (You found it on level 3 of the Lair of Beasts)
 11306 | Lair:3   | Found a hole to the Spider Nest.
 11321 | Lair:3   | Noticed an eight-headed hydra
 12378 | Lair:4   | Noticed a seven-headed hydra
 12385 | Lair:4   | Reached skill level 5 in Armour
 12400 | Lair:4   | Killed a seven-headed hydra
 12641 | Lair:4   | Received a gift from Okawaru
 13061 | Lair:4   | Found a staircase to the Shoals.
 13823 | Lair:5   | Noticed a catoblepas
 13847 | Lair:5   | Killed a catoblepas
 13847 | Lair:5   | Reached XP level 13. HP: 62/124 MP: 12/12
 14244 | Lair:6   | Noticed Josephine
 14264 | Lair:5   | Killed Josephine
 14878 | Lair:6   | Noticed Nessos
 14947 | Lair:5   | Reached skill level 10 in Shields
 14978 | Lair:6   | Killed Nessos
 14978 | Lair:6   | Received a gift from Okawaru
 15063 | Lair:6   | Lost mutation: You are dopey. (Int -2) [potion of cure mutation]
 15063 | Lair:6   | Lost mutation: You are resistant to electric shocks. [potion of cure mutation]
 15063 | Lair:6   | Lost mutation: You have large cloven feet. [potion of cure mutation]
 15063 | Lair:6   | Lost mutation: Armour fits poorly on your strangely shaped body. [potion of cure mutation]
 15063 | Lair:6   | Lost mutation: You expend magic power (3 MP) to strengthen your wands. [potion of cure mutation]
 15063 | Lair:6   | Lost mutation: You are somewhat resistant to further mutation. [potion of cure mutation]
 16114 | Lair:7   | Found a staircase to the Slime Pits.
 16115 | Lair:7   | Found a shadowy altar of Dithmenos.
 16115 | Lair:7   | Found a viscous altar of Jiyva.
 16800 | Lair:7   | Received a gift from Okawaru
 16803 | Lair:7   | Got a pitted greatsling {god gift}
 16804 | Lair:7   | Identified the +9 greatsling "Foxzer" {speed, Str+3} (Okawaru gifted it to you on level 7 of the Lair of Beasts)
 17055 | Lair:8   | Entered Level 8 of the Lair of Beasts
 17177 | Lair:8   | Reached XP level 14. HP: 122/133 MP: 13/13
 17508 | Lair:8   | Received a gift from Okawaru
 18473 | Lair:8   | Received a gift from Okawaru
 18721 | Lair:8   | HP: 2/133 [death yak (7)]
 18722 | Lair:8   | Mangled by a death yak

Vault maps used:
D:1:      sevenhm_arrival_forest_fort_large_4
D:2:      gammafunk_temple_overflow_wave, ecumenical_altar_1, uniq_natasha,
          uniq_crazy_yiuf_cottage
D:3:      first_bread
D:4:      lemuel_crystal_altar, minmay_temple_entry_glassed_door
D:5:      kennysheep_mini_moat, uniq_edmund, uniq_eustachio,
          uniq_prince_ribbit1, uniq_blork_the_orc, uniq_menkaure
D:6:      minmay_hedge_maze, kennysheep_another_room
D:7:      elyvilon_altar_4
D:8:      kiku_gazebo_pond_becter, lemuel_doored_altar, serial_shops, shop,
          uniq_erolcha, uniq_psyche, uniq_gastronok
D:9:      orc_0_dummy
D:10:     roderic_serpentine_path, the_bakery
D:11:     minmay_lair_entry_lava, serial_shops, kennysheep_mini
Temple:   circular_temple_12
Lair:1:   basic_altar, beast_lair_carwin_3
Lair:2:   minmay_holes
Lair:3:   spider_nest_entry_webs
Lair:4:   minmay_shoals_entry_lonely_mermaid, lemuel_fruit_tree
Lair:5:   nicolae_quartered_pool_medium, infiniplex_staircase_pool_2
Lair:6:   minmay_lair_drake_nest, uniq_nessos, uniq_josephine
Lair:7:   slime_altar_1, nicolae_volcano_entry_s_turn, basic_altar,
          hibernation_bobbens, grunt_megastairs_4
Lair:8:   evilmike_catoblepas_cave, special_room, serial_bayou_shore_a

Action                   |  1- 3 |  4- 6 |  7- 9 | 10-12 | 13-15 || total
-------------------------+-------+-------+-------+-------+-------++-------
Melee: Unarmed           |    60 |   193 |   260 |   879 |   854 ||  2246
       Morningstar       |       |       |       |     6 |    60 ||    66
Throw: Large rock        |       |       |       |       |    10 ||    10
Evoke: Wand              |       |       |       |     5 |     2 ||     7
  Use: Potion            |       |     8 |     4 |     1 |     6 ||    19
       Scroll            |       |       |     8 |     9 |     5 ||    22
 Stab: Sleeping          |       |     3 |     4 |     1 |       ||     8
       Distracted        |       |       |       |     1 |       ||     1
       Invisible         |       |       |       |     1 |       ||     1
       Petrified         |       |       |       |       |     2 ||     2
  Eat: Chunk             |    14 |    24 |    25 |    84 |    51 ||   198
